 Dungeon Crawl Stone Soup version 0.26.0-10-g1f06aea511 (webtiles) character file.

Game seed: 17308812240362132351

85 Dani the Cutter (level 4, 30/30 HPs)
             Began as a Halfling Monk on Feb 7, 2021.
             Was a Believer of Vehumet.
             Quit the game on level 3 of the Dungeon.
             The game lasted 00:05:20 (2573 turns).

Dani the Cutter (Halfling Monk)                     Turns: 2573, Time: 00:05:21

Health: 30/30      AC:  6    Str: 13    XL:     4   Next: 75%
Magic:  4/4        EV: 14    Int:  8    God:    Vehumet [**....]
Gold:   89         SH:  0    Dex: 16    Spells: 3/3 levels left

rFire    . . .     SeeInvis .   a - +0 short sword
rCold    . . .     Faith    .   (shield restricted)
rNeg     . . .     Spirit   .   c - +0 ring mail
rPois    .         Reflect  .   (no helmet)
rElec    .         Harm     .   (no cloak)
rCorr    .         Rampage  .   h - +0 pair of gloves (curse)
Will     .....                  (no boots)
Stlth    +.........             (no amulet)
HPRegen  0.10/turn              (no ring)
MPRegen  0.09/turn              (no ring)

@: no status effects
A: small, mutation resistance 1
a: Renounce Religion


You were on level 3 of the Dungeon.
You worshipped Vehumet.
Vehumet was pleased with you.
You visited 1 branch of the dungeon, and saw 3 of its levels.

You collected 89 gold pieces.

Inventory:

Hand Weapons
 a - a +0 short sword (weapon)
 f - a +0 hand axe
   (You found it on level 1 of the Dungeon)
Missiles
 i - 55 stones (quivered)
 p - 19 sling bullets
Armour
 b - a +0 robe
 c - a +0 ring mail (worn)
   (You found it on level 1 of the Dungeon)
 g - +0 ice dragon scales
   (You found it on level 1 of the Dungeon)
 h - a cursed +0 pair of gloves (worn)
   (You found it on level 1 of the Dungeon)
Jewellery
 m - a +6 ring of intelligence {unknown}
   (You found it on level 2 of the Dungeon)
Scrolls
 e - a scroll of immolation {unknown}
 j - a scroll of identify {unknown}
 n - a scroll of fear {unknown}
 o - 3 scrolls of remove curse {unknown}
Potions
 d - 2 potions of curing {unknown}
 k - a potion of heal wounds {unknown}
 l - a potion of resistance {unknown}


   Skills:
 - Level 2.7 Fighting
 + Level 4.8 Short Blades
 + Level 1.4 Axes
 + Level 3.3 Slings
 - Level 3.3 Dodging
 - Level 2.2 Stealth


You had 3 spell levels left.
You didn't know any spells.
Your spell library was empty.

Dungeon Overview and Level Annotations

Branches:
Dungeon (3/15)

Altars:
Ashenzari
Vehumet

Annotations:
D:2 Sigmund


Innate Abilities, Weirdness & Mutations

You are small and have problems with some larger weapons.
You are somewhat resistant to further mutation.


Message History

You barely miss the worm.
The worm is lightly wounded.
You barely miss the worm.
The worm is lightly wounded.
The worm barely misses you.
You hit the worm but do no damage. You hit the worm but do no damage.
The worm bites you!
You hit the worm.
The worm is lightly wounded.
You hit the worm.
The worm is heavily wounded.
The worm bites you.
You hit the worm.
The worm is heavily wounded.
You hit the worm.
The worm is heavily wounded.
The worm bites you but does no damage.
You hit the worm but do no damage.
The worm is heavily wounded.
You hit the worm but do no damage.
The worm is heavily wounded.
The worm bites you.
You hit the worm.
The worm is severely wounded.
The worm bites you.
* * * LOW HITPOINT WARNING * * *
You are too injured to fight recklessly!
You are too injured to fight recklessly!
You are too injured to fight recklessly!
You are too injured to fight recklessly!
You are too injured to fight recklessly!
You are too injured to fight recklessly!
You hit the worm.
You kill the worm!
HP restored.
A kobold comes into view. It is wielding a +0 short sword.
The kobold shouts!
You hit the kobold.
You kill the kobold!
No target in view!
No target in view!
Things that are here:
a +0 short sword; a kobold corpse
Things that are here:
a +0 club; a hobgoblin skeleton You now have 89 gold pieces (gained 10).
Things that are here:
a +0 short sword; a kobold corpse Partly explored, can't reach some places.
Partly explored, can't reach some places.
There is a stone staircase leading down here.
You climb downwards.
A quokka comes into view.
Found a scroll labelled JAD DYZXIEGROU.
There is a stone staircase leading up here.
An orc comes into view. It is wielding a +0 club.
The helpless quokka fails to defend itself.
You puncture the quokka!
You kill the quokka!
The orc hits you but does no damage.
You hit the orc.
The orc is lightly wounded.
You hit the orc but do no damage.
The orc is lightly wounded.
The orc closely misses you.
You hit the orc but do no damage.
The orc is lightly wounded.
The orc closely misses you.
You hit the orc but do no damage.
The orc is lightly wounded.
The orc hits you but does no damage.
You hit the orc.
The orc is severely wounded.
You hit the orc.
You kill the orc!
No target in view!
No target in view!
A goblin comes into view. It is wielding a +0 dagger.
The goblin unwields a +0 dagger.
The goblin wields a +0 hunting sling.
The goblin shoots a stone.
The stone misses you.
Things that are here:
a +0 club; a +0 ring mail; an orc corpse
Found a leather armour.
Found a faded altar of an unknown god.
You hit the goblin.
You kill the goblin!
No target in view!
No target in view!
No target in view!
No target in view!
i - 55 stones (gained 14)
Things that are here:
a +0 hunting sling; a +0 dagger; a goblin corpse
Found a dagger.
Found a stone staircase leading up.
There is a faded altar of an unknown god here.
You cannot tell which god this altar belongs to.
Convert to them anyway?
Vehumet accepts your prayer! Vehumet welcomes you!
You can now gain magical power from killing.
Vehumet offers you knowledge of Freeze.
Are you sure you want to abandon this character and quit the game? (Confirm with "yes".)

+...+.. .#... ...#..
.#..# ..... ....##.
... ####...♣.......
.... ......♣.♣...#
....#######.♣._.♣..#
.............♣.♣[..#
........##....♣....#
.........##.@......#
......(..)..).......+
..###..###.#..##.##
#......#.......
#<.##...........
#..##..#..##.#..
#..##..#..# ...
#.?##..#..# ..
...##..# .#


There were no monsters in sight!

Vanquished Creatures
  Terence (D:2)
  A worm (D:2)
  A dart slug (D:1)
  An orc (D:3)
  8 bats
  3 giant cockroaches (D:1)
  5 goblins
  7 hobgoblins
  5 quokkas
  7 frilled lizards
  9 kobolds
  2 rats (D:1)
50 creatures vanquished.

Notes
Turn   | Place    | Note
-------+----------+-------------------------------------------
     0 | D:1      | Dani the Halfling Monk began the quest for the Orb.
     0 | D:1      | Reached XP level 1. HP: 15/15 MP: 1/1
    48 | D:1      | Reached skill level 1 in Slings
    55 | D:1      | Reached skill level 4 in Short Blades
    55 | D:1      | Reached XP level 2. HP: 18/20 MP: 2/2
   284 | D:1      | Reached skill level 2 in Slings
   402 | D:1      | Reached XP level 3. HP: 22/25 MP: 3/3
  1069 | D:2      | Noticed Terence
  1091 | D:2      | Killed Terence
  1092 | D:2      | Reached skill level 1 in Axes
  1092 | D:2      | Reached skill level 3 in Slings
  1092 | D:2      | Reached XP level 4. HP: 23/30 MP: 4/4
  1480 | D:2      | Found a broken altar of Ashenzari.
  1707 | D:2      | Noticed Sigmund
  1989 | D:2      | HP: 7/30 [worm (9)]
  2561 | D:3      | Found a faded altar of an unknown god.
  2569 | D:3      | Became a worshipper of Vehumet
  2569 | D:3      | Reached * piety under Vehumet
  2569 | D:3      | Offered knowledge of Freeze by Vehumet.
  2569 | D:3      | Reached ** piety under Vehumet
  2573 | D:3      | Quit the game

Illustrated notes

Levels and vault maps discovered:
D:1:      tarquinn_simple_flora_water_a, layout_basic
D:2:      layout_loops_cross, evilmike_ruin_ashenzari, minmay_misc_feat_tiny,
          uniq_terence, uniq_sigmund
D:3:      layout_basic, cheibriados_altar_1,
          chequers_ecumenical_altar_simple_redux

Skill      XL: |  1  2  3 |
---------------+----------+-----
Slings         | 1 2 3 |  3.3
Short Blades   | 4 |  4.8
Axes           | 1 |  1.4
Fighting       | |  2.7
Dodging        | |  3.3
Stealth        | |  2.2

Action                   |  1- 3 |  4- 6 || total
-------------------------+-------+-------++-------
Melee: Short sword       |   127 |   113 ||   240
 Stab: Sleeping          |     2 |     2 ||     4
Armor: Robe              |     1 |       ||     1
       Ring mail         |    43 |    23 ||    66
Dodge: Dodged            |   105 |    73 ||   178

Table legend: (Time is in decaauts)
 A = Elapsed time spent in this place.
 B = Non-inter-level travel time spent in this place.
 C = Inter-level travel time spent in this place.
 D = Time resting spent in this place.
 E = Time spent auto-exploring this place.
 F = Levels seen in this place.
 G = Mean time per level.
                   A        B        C        D        E       F      G
               +--------+--------+--------+--------+--------+-----+--------+
         Total |   2545 |   2429 |    116 |    298 |   1534 |   3 |  848.3 |
       Dungeon |   2545 |   2429 |    116 |    298 |   1534 |   3 |  848.3 |
               +--------+--------+--------+--------+--------+-----+--------+

Top non-repeatable levels by time:
     D:1: 1407 daAuts
     D:2: 1114 daAuts
     D:3: 23 daAuts

Table legend:
 A = Kills in this place as a percentage of kills in entire the game.
 B = Kills by you in this place as a percentage of kills by you in the entire game.
 C = Kills by friends in this place as a percentage of kills by friends in the entire game.
 D = Other kills in this place as a percentage of other kills in the entire game.
 E = Experience gained in this place as a percentage of experience gained in the entire game.
 F = Experience gained in this place divided by the number of levels of this place that you have seen.
                   A       B       C       D       E      F
               +-------+-------+-------+-------+-------+----------------------
         Total | 100.0 | 100.0 |   N/A |   N/A | 100.0 |  40.7
       Dungeon | 100.0 | 100.0 |   N/A |   N/A | 100.0 |  40.7
               +-------+-------+-------+-------+-------+----------------------
